 Dungeon Crawl Stone Soup version 0.30-a0-358-g0d69a1922f (webtiles) character file.

Game seed: 1522621673301789088

18 NinjaNoafa the Slasher (level 2, 0/24 HPs)
             Began as a Demonspawn Monk on Nov 10, 2022.
             Slain by a ball python (3 damage)
             ... on level 1 of the Dungeon.
             The game lasted 00:01:05 (254 turns).

NinjaNoafa the Slasher (Demonspawn Monk)             Turns: 254, Time: 00:01:05

Health: 0/24       AC:  2    Str: 11    XL:     2   Next: 48%
Magic:  2/2        EV:  9    Int: 11    God:
Gold:   62         SH:  0    Dex: 15    Spells: 1/1 levels left

rFire   . . .      SeeInvis .    a - +0 falchion
rCold   . . .      Faith    .    (no shield)
rNeg    . . .      Spirit   .    b - +0 robe
rPois   .          Reflect  .    (no helmet)
rElec   .          Harm     .    (no cloak)
rCorr   .          Rampage  .    (no gloves)
Will    .....                    (no boots)
Stlth   ++........               g - amulet of the acrobat
HPRegen 0.24/turn                (no ring)
MPRegen 0.16/turn                (no ring)

@: constricted
A: magic regeneration
a: no special abilities


You were on level 1 of the Dungeon.
You visited 1 branch of the dungeon, and saw 1 of its levels.

You collected 62 gold pieces.

Inventory:

Hand Weapons
 a - a +0 falchion (weapon)
Armour
 b - a +0 robe (worn)
Jewellery
 g - an amulet of the acrobat (around neck)
Scrolls
 h - a scroll of enchant armour {unknown}
Potions
 c - a potion of ambrosia
 d - 2 potions of flight {unknown}
 e - a potion of degeneration {unknown}
 f - a potion of cancellation {unknown}


   Skills:
 - Level 3.0 Fighting
 + Level 3.5 Long Blades
 - Level 2.6 Dodging
 - Level 1.7 Stealth


You had one spell level left.
You didn't know any spells.
Your spell library was empty.

Dungeon Overview and Level Annotations

Branches:
Dungeon (1/15)

Altars:


Innate Abilities, Weirdness & Mutations

You regenerate magic rapidly.


Message History

The quokka bites you.
You completely miss the quokka. The ball python closely misses you.
The ball python constricts you. The quokka closely misses you.
You escape the ball python's grasp.
The quokka attacks as you move away! The quokka bites you.
* * * LOW HITPOINT WARNING * * *
The ball python attacks as you move away!
The ball python closely misses you. The quokka attacks as you move away!
The quokka bites you.
* * * LOW HITPOINT WARNING * * *
The ball python completely misses you. x2; The quokka closely misses you.
The ball python closely misses you. The ball python completely misses you.
Sorry, you're not good enough to have a special ability.
Unknown command.
The quokka attacks as you move away! The quokka misses you.
You hit the quokka.
The quokka is heavily wounded.
The quokka misses you.
The ball python bites you but does no damage.
The ball python closely misses you.
You hit the quokka.
You kill the quokka!
The ball python barely misses you. The ball python grabs you.
The ball python constricts you.
You hit the ball python.
The ball python is heavily wounded.
The ball python bites you.
* * * LOW HITPOINT WARNING * * *
The ball python constricts you.
The ball python bites you but does no damage.
The ball python constricts you.
You barely miss the ball python.
The ball python is heavily wounded.
The ball python bites you.
* * * LOW HITPOINT WARNING * * *
The ball python constricts you.
You barely miss the ball python.
The ball python is heavily wounded.
The ball python bites you.
You die...

#.. ####.#### ### ###>..?...#
#..$ ..........# ##
#.##.##..##.#..##... ###.#
..............# ...#
#..##.......# #.#####..S.?...#
#.......@......# #
#.############.## # ###.####
#...# # #......# #...# ####
#######.#.##.# #...# ##...
.....##.#.##.#
#####...#####.###
.....##.#..#.####.........†..##
#
........##.#.................#
.....#..##......#............#
#


You could see a ball python.

Vanquished Creatures
  A dart slug (D:1)
  3 endoplasms (D:1)
  2 goblins (D:1)
  3 quokkas (D:1)
  A ball python (D:1)
  2 kobolds (D:1)
  2 rats (D:1)
14 creatures vanquished.

Notes
Turn   | Place    | Note
-------+----------+-------------------------------------------
     0 | D:1      | NinjaNoafa the Demonspawn Monk began the quest for the Orb.
     0 | D:1      | Reached XP level 1. HP: 18/18 MP: 1/1
   146 | D:1      | Gained mutation: You regenerate magic rapidly. [demonic
                  | ancestry]
   146 | D:1      | Reached XP level 2. HP: 24/24 MP: 2/2
   254 | D:1      | Slain by a ball python

Illustrated notes

Levels and vault maps discovered:
D:1:      wander_arrival_peaceful_grave, layout_loops_cross

Skill      XL: |  1 |
---------------+----+-----
Long Blades    | 3 |  3.5
Fighting       | |  3.0
Dodging        | |  2.6
Stealth        | |  1.7

Action                   || total
-------------------------++-------
Melee: Falchion          ||    48
 Stab: Sleeping          ||     2
Armor: Robe              ||     6
Dodge: Dodged            ||    43

Table legend: (Time is in decaauts)
 A = Elapsed time spent in this place.
 B = Non-inter-level travel time spent in this place.
 C = Inter-level travel time spent in this place.
 D = Time resting spent in this place.
 E = Time spent auto-exploring this place.
 F = Levels seen in this place.
 G = Mean time per level.
                   A        B        C        D        E       F      G
               +--------+--------+--------+--------+--------+-----+--------+
         Total |    260 |    260 |      0 |      0 |    142 |   1 |  260.0 |
       Dungeon |    260 |    260 |      0 |      0 |    142 |   1 |  260.0 |
               +--------+--------+--------+--------+--------+-----+--------+

Top non-repeatable levels by time:
     D:1: 260 daAuts
